 Dungeon Crawl Stone Soup version 0.27-a0-1278-g6cbc8dfb29 (webtiles) character file.

Game seed: 12998391583822663967

138 porpoise the Skirmisher (level 5, 0/43 HPs)
             Began as a Demonspawn Monk on June 12, 2021.
             Slain by Blork the orc (11 damage)
             ... on level 4 of the Dungeon.
             The game lasted 00:08:29 (3349 turns).

porpoise the Skirmisher (Demonspawn Monk)           Turns: 3349, Time: 00:08:30

Health: 0/43       AC:  8    Str: 12    XL:     5   Next: 1%
Magic:  5/5        EV: 11    Int: 11    God:
Gold:   112        SH:  0    Dex: 16    Spells: 4/4 levels left

rFire    . . .     SeeInvis .   a - +0 spear
rCold    . . .     Faith    .   (no shield)
rNeg     . . .     Spirit   .   j - +0 ring mail
rPois    .         Reflect  .   m - +0 helmet
rElec    .         Harm     .   (no cloak)
rCorr    .         Rampage  .   (no gloves)
Will     .....                  (no boots)
Stlth    +.........             (no amulet)
HPRegen  0.14/turn              (no ring)
MPRegen  0.09/turn              (no ring)

@: no status effects
A: hooves 2, icy blue scales 1
a: no special abilities


You were on level 4 of the Dungeon.
You visited 1 branch of the dungeon, and saw 4 of its levels.

You collected 112 gold pieces.

Inventory:

Hand Weapons
 a - a +0 spear (weapon)
 b - a +0 hunting sling
Missiles
 c - 52 stones (quivered)
 i - 15 arrows
 k - 61 sling bullets
 n - 22 poisoned darts
 o - 32 bolts
Armour
 e - a +2 pair of boots
 j - a +0 ring mail (worn)
 l - a +0 buckler
 m - a +0 helmet (worn)
Scrolls
 f - a scroll of identify {unknown}
 g - 3 scrolls of teleportation
 q - a scroll of fog {unknown}
Potions
 d - a potion of curing {unknown}
 h - a potion of berserk rage {unknown}
 p - a potion of flight {unknown}
 r - a potion of mutation {unknown}


   Skills:
 + Level 4.5 Fighting
 + Level 4.1 Polearms
 - Level 2.6 Dodging
 - Level 1.7 Stealth


You had 4 spell levels left.
You didn't know any spells.
Your spell library was empty.

Dungeon Overview and Level Annotations

Branches:
Dungeon (4/15)
 Temple: D:4-7

Altars:

Annotations:
D:4 Blork the orc


Innate Abilities, Weirdness & Mutations

You have hoof-like feet.
You are partially covered in icy blue scales. (AC +2)


Message History

Blork the orc is heavily wounded.
Blork the orc mumbles some strange words.
Blork the orc seems to speed up.
You shoot a sling bullet.
The sling bullet hits Blork the orc but does no damage.
Blork the orc is heavily wounded.
You shoot a sling bullet.
The sling bullet hits Blork the orc but does no damage.
Blork the orc is heavily wounded.
Blork the orc hits you with a +0 long sword of holy wrath.
You convulse.
a - a +0 spear (weapon)
Blork the orc hits you with a +0 long sword of holy wrath.
You convulse.
You closely miss Blork the orc. You kick Blork the orc.
Blork the orc is heavily wounded.
Blork the orc hits you with a +0 long sword of holy wrath.
You convulse.
Okay, then.
You closely miss Blork the orc. You kick Blork the orc.
Blork the orc is heavily wounded.
Blork the orc closely misses you.
Blork the orc gestures at you while chanting.
The puff of frost hits you.
You hit Blork the orc but do no damage. You kick Blork the orc.
Blork the orc is severely wounded.
Blork the orc barely misses you.
You hit Blork the orc.
Blork the orc is almost dead.
Blork the orc barely misses you.
You hit Blork the orc. Your kick misses Blork the orc.
Blork the orc is almost dead.
Blork the orc casts a cantrip, but nothing happens.
Blork the orc points at you and mumbles some strange words.
The magic dart hits you.
* * * LOW HITPOINT WARNING * * *
You barely miss Blork the orc.
Blork the orc is almost dead.
Blork the orc hits you with a +0 long sword of holy wrath!
You die...

##....#..#..##.##....#
##########'###>##....###
.# #............... .#
#............... <#
#............... .#
#..............( .#
#............((( .#
#...........(... ##
#.......@o((..?. #
#...............
#...............
#...............
#..............#
#..............# #..
#.?............# +..
.............># #.. #..


You could see Blork the orc (fast).

Vanquished Creatures
  Natasha (D:2)
  3 adders (D:2)
  A worm (D:2)
  2 dart slugs (D:1)
  An orc (D:4)
  5 ball pythons
  6 bats
  7 endoplasms
  5 giant cockroaches
  4 hobgoblins
  10 jackals
  3 quokkas
  A frilled lizard (D:1)
  11 goblins
  5 kobolds
  3 rats
68 creatures vanquished.

Notes
Turn   | Place    | Note
-------+----------+-------------------------------------------
     0 | D:1      | porpoise the Demonspawn Monk began the quest for the Orb.
     0 | D:1      | Reached XP level 1. HP: 18/18 MP: 1/1
   108 | D:1      | Gained mutation: You have large cloven feet. [demonic
                  | ancestry]
   108 | D:1      | Reached XP level 2. HP: 24/24 MP: 2/2
   680 | D:1      | Reached XP level 3. HP: 29/29 MP: 3/3
   683 | D:1      | Found a faded altar of an unknown god.
  1640 | D:2      | Gained mutation: You are partially covered in icy blue
                  | scales. (AC +2) [demonic ancestry]
  1640 | D:2      | Reached XP level 4. HP: 33/37 MP: 4/4
  2093 | D:2      | Noticed Natasha
  2108 | D:2      | Killed Natasha
  3265 | D:4      | Gained mutation: You have hoof-like feet. [demonic
                  | ancestry]
  3265 | D:4      | Reached XP level 5. HP: 43/43 MP: 5/5
  3334 | D:4      | Noticed Blork the orc
  3349 | D:4      | Slain by Blork the orc

Illustrated notes

Levels and vault maps discovered:
D:1:      zaba_arrival_water, layout_loops_cross,
          ebering_ecumenical_altar_abandoned, minmay_misc_feat_rugged
D:2:      layout_basic, uniq_natasha
D:3:      layout_rooms, fountainhead
D:4:      layout_gridville, uniq_blork_the_orc

Skill      XL: |  1  2  3  4 |
---------------+-------------+-----
Polearms       | 3 4 |  4.1
Fighting       | 4 |  4.5
Dodging        | |  2.6
Stealth        | |  1.7

Action                   |  1- 3 |  4- 6 || total
-------------------------+-------+-------++-------
Melee: Spear             |   124 |   120 ||   244
       Kick              |     4 |     3 ||     7
 Fire: Hunting sling     |     7 |    40 ||    47
Throw: Stone             |    13 |     1 ||    14
  Use: Scroll            |       |     1 ||     1
 Stab: Sleeping          |     5 |       ||     5
Armor: Robe              |     4 |       ||     4
       Ring mail         |    28 |    53 ||    81
       Leather armour    |     5 |       ||     5
Dodge: Dodged            |    62 |    66 ||   128

Table legend: (Time is in decaauts)
 A = Elapsed time spent in this place.
 B = Non-inter-level travel time spent in this place.
 C = Inter-level travel time spent in this place.
 D = Time resting spent in this place.
 E = Time spent auto-exploring this place.
 F = Levels seen in this place.
 G = Mean time per level.
                   A        B        C        D        E       F      G
               +--------+--------+--------+--------+--------+-----+--------+
         Total |   3348 |   3201 |    147 |    917 |   1694 |   4 |  837.0 |
       Dungeon |   3348 |   3201 |    147 |    917 |   1694 |   4 |  837.0 |
               +--------+--------+--------+--------+--------+-----+--------+

Top non-repeatable levels by time:
     D:1: 1358 daAuts
     D:2: 1090 daAuts
     D:3: 633 daAuts
     D:4: 265 daAuts
